 Dungeon Crawl Stone Soup version 0.22-a0-429-g97ce8ef (webtiles) character file.

674 KristoblXynda the Chopper (level 7, -4/61 HPs)
             Began as a Deep Dwarf Fighter on May 25, 2018.
             Was a Follower of Makhleb.
             Slain by an ogre
             ... wielding a cursed -2 giant spiked club
              (23 damage)
             ... on level 5 of the Dungeon.
             The game lasted 00:06:35 (3530 turns).

KristoblXynda the Chopper (Deep Dwarf Fighter)      Turns: 3530, Time: 00:06:36

Health: -4/61      AC:  9    Str: 21    XL:     7   Next: 33%
Magic:  7/7        EV:  9    Int: 11    God:    Makhleb [*.....]
Gold:   250        SH: 10    Dex: 12    Spells: 6/6 levels left

rFire    + . .     SeeInvis .   a - +0 war axe
rCold    . . .     Gourm    .   c - +0 shield
rNeg     . . .     Faith    .   x - +2 ring mail {rF+}
rPois    .         Spirit   .   (no helmet)
rElec    .         Reflect  .   (no cloak)
rCorr    .         Harm     .   (no gloves)
MR       +....                  v - +0 pair of boots
Stlth    +.........             (no amulet)
HPRegen  0.00/turn              y - ring of flight
MPRegen  0.10/turn              (no ring)

@: non-regenerating
A: damage resistance, heal wounds, clever 1, sense surroundings 2, sturdy frame
1, no regeneration
a: Heal Wounds, Renounce Religion, Evoke Flight


You were on level 5 of the Dungeon.
You worshipped Makhleb.
Makhleb was aware of your devotion.
You were not hungry.

You visited 1 branch of the dungeon, and saw 5 of its levels.

You collected 250 gold pieces.

Inventory:

Hand Weapons
 a - a +0 war axe (weapon)
Missiles
 q - a throwing net (quivered)
Armour
 c - a +0 shield (worn)
 v - a +0 pair of boots (worn)
 x - a +2 ring mail of fire resistance (worn)
Jewellery
 y - a ring of flight (left hand)
Scrolls
 e - 4 scrolls of teleportation
 l - 2 scrolls of enchant weapon {unknown}
 m - a scroll of immolation {unknown}
 n - a scroll of random uselessness {unknown}
 o - a scroll of fear
 r - 2 scrolls of remove curse
 s - 2 scrolls of enchant armour {unknown}
Potions
 d - 3 potions of might
 g - a potion of brilliance
 h - a potion of agility
 k - a potion of flight
 p - a potion of invisibility
 t - 3 potions of haste
 z - a potion of lignification
Comestibles
 f - 10 rations


   Skills:
 - Level 2.6 Fighting
 * Level 6.6 Axes
 + Level 5.4 Armour
 + Level 5.4 Shields


You had 6 spell levels left.
You didn't know any spells.
Your spell library was empty.

Dungeon Overview and Level Annotations

Branches:
Dungeon (5/15)
 Temple: D:4-7

Altars:
Fedhas
Kikubaaqudgha
Makhleb
Okawaru
Vehumet

Annotations:
D:4 exclusion: oklob plant


Innate Abilities, Weirdness & Mutations

You are resistant to damage.
You can heal yourself by infusing magical energy.
You passively map the area around you.
You do not regenerate.
Your mind is acute. (Int +2)
Your movements are slightly less encumbered by armour. (ER -2)


Message History

The hobgoblin hits you but does no damage.
You hit the hobgoblin.
The hobgoblin is severely wounded.
You hit the ogre. You hit the orc.
The hobgoblin zaps a wand.
The puff of flame hits you! You resist. You block the ogre's attack.
The orc hits you but does no damage.
The hobgoblin zaps a wand.
The puff of flame hits you! You resist.
You slash the ogre!
The ogre is severely wounded.
The ogre hits you with a giant spiked club!
You hit the ogre.
The ogre is severely wounded.
You block the ogre's attack.
You hit the ogre.
The ogre is severely wounded.
The ogre hits you with a giant spiked club!
You hit the ogre but do no damage.
The ogre is severely wounded.
The ogre hits you with a giant spiked club!!
You die...

####### * *** * * #.....#
#.....# * # * ** *
##.....## *,* .# ##
#.......# *, .# .. *
###.#.....# #.#.##. *
....#####.# ,.......
.########.# ######...#...
........#.# #...@Og......
*
#######.#.###.####o#._.#.
#.#...#.# ... ...,
#.#.###.# *...# . #.#.#
#.# ..... , #.#.# #.#
###### * #.#.# #.# #.#.#
#.# #.#.# #.#


You could see an ogre, an orc and a hobgoblin.

Vanquished Creatures
  2 ogres (D:5)
  A phantom (D:4)
  A crimson imp (D:5)
  A hound (D:3)
  Jessica (D:3)
  2 worker ants (D:5)
  Natasha (thrice) (D:3)
  3 orc wizards (D:4)
  3 adders
  3 oozes
  3 worms
  3 leopard geckos
  8 orcs
  3 giant cockroaches
  8 goblins
  2 hobgoblins
  6 jackals
  4 quokkas
  6 bats
  3 frilled lizards (D:1)
  6 kobolds
  A leopard gecko skeleton (D:5)
  A quokka skeleton (D:4)
  6 rats
80 creatures vanquished.

Vanquished Creatures (others)
  16 toadstools (D:4)
16 creatures vanquished.

Grand Total: 96 creatures vanquished

Notes
Turn   | Place    | Note
-------+----------+-------------------------------------------
     0 | D:1      | KristoblXynda the Deep Dwarf Fighter began the quest for the Orb.
     0 | D:1      | Reached XP level 1. HP: 20/20 MP: 1/1
    84 | D:1      | Reached XP level 2. HP: 27/27 MP: 2/2
   187 | D:1      | Reached skill level 3 in Axes
   243 | D:1      | Reached XP level 3. HP: 31/33 MP: 3/3
   931 | D:2      | Found an ancient bone altar of Kikubaaqudgha.
   931 | D:2      | Found a burning altar of Makhleb.
   944 | D:2      | Became a worshipper of Makhleb the Destroyer
  1289 | D:3      | Found a faded altar of an unknown god.
  1487 | D:3      | Noticed Natasha
  1498 | D:3      | Killed Natasha
  1498 | D:3      | Reached XP level 4. HP: 30/40 MP: 4/4
  1584 | D:3      | Reached skill level 4 in Axes
  1700 | D:3      | Noticed Jessica
  1711 | D:3      | Killed Jessica
  1721 | D:3      | Reached XP level 5. HP: 27/46 MP: 5/5
  1906 | D:3      | Noticed Natasha
  1909 | D:3      | Killed Natasha
  2015 | D:3      | Noticed Natasha
  2020 | D:3      | Killed Natasha
  2042 | D:4      | Reached skill level 5 in Axes
  2051 | D:4      | Reached XP level 6. HP: 12/55 MP: 6/6
  2160 | D:4      | Reached * piety under Makhleb
  2322 | D:4      | Found an iron altar of Okawaru.
  2549 | D:4      | Reached skill level 5 in Shields
  2551 | D:4      | Reached skill level 5 in Armour
  2691 | D:4      | Found a blossoming altar of Fedhas.
  2717 | D:4      | Noticed an oklob plant
  2926 | D:5      | Entered Level 5 of the Dungeon
  2956 | D:5      | Reached skill level 6 in Axes
  3178 | D:5      | Reached XP level 7. HP: 42/61 MP: 7/7
  3222 | D:5      | HP: 3/61 [ogre/giant club (6)]
  3226 | D:5      | Gained mutation: Your movements are slightly less encumbered by armour. (ER -2) [potion of mutation]
  3226 | D:5      | Gained mutation: Your mind is acute. (Int +2) [potion of mutation]
  3226 | D:5      | Gained mutation: You passively map the area around you. [potion of mutation]
  3520 | D:5      | Found a radiant altar of Vehumet.
  3530 | D:5      | Slain by an ogre

Vault maps used:
D:1:      dpeg_arrival_signposts
D:2:      chequers_temple_overflow_statue_of_worship
D:3:      chequers_ecumenical_altar_simple_redux, grunt_decor_arrowhead,
          mrwooster_statue_mirror, uniq_jessica, uniq_natasha
D:4:      tgw_fedhas, kennysheep_little_box, first_ration
D:5:      vehumet_altar_wand_db, kennysheep_mini, minmay_misc_feat_rows

Skill      XL: |  1  2  3  4  5  6 |
---------------+-------------------+-----
Axes           | 3 4 5 6 |  6.6
Armour         | 4 5 |  5.4
Shields        | 4 5 |  5.4
Fighting       | |  2.6

Action                   |  1- 3 |  4- 6 |  7- 9 || total
-------------------------+-------+-------+-------++-------
Melee: War axe           |   128 |   108 |    26 ||   262
Throw: Throwing net      |       |     1 |     1 ||     2
 Abil: Heal Wounds       |       |     3 |     1 ||     4
  Use: Scroll            |     4 |     5 |     1 ||    10
       Potion            |     1 |     2 |     4 ||     7
 Stab: Held in net/web   |       |     1 |       ||     1
  Eat: Chunk             |     2 |     4 |       ||     6
       Ration            |       |     1 |       ||     1
Armor: Scale mail        |    54 |    16 |       ||    70
       Ring mail         |       |    15 |     5 ||    20
Dodge: Dodged            |    39 |    27 |       ||    66
Block: Shield            |    76 |    58 |    15 ||   149

Table legend:
 A = Spawn XP
 B = Non-spawn XP
 C = Spawn XP percentage of total XP
 D = Spawn monster count
 E = Non-spawn monster count
 F = Spawn count percentage of total count
 G = Total turns spent on level
                    A         B        C        D         E        F      G
               +---------+---------+-------+---------+---------+-------+---------
         Total |       0 |     964 |   0.0 |       0 |      80 |   0.0 |  3530
               +---------+---------+-------+---------+---------+-------+---------
           D:1 |       0 |      49 |   0.0 |       0 |      23 |   0.0 |   663
           D:2 |       0 |      32 |   0.0 |       0 |      15 |   0.0 |   617
           D:3 |       0 |     235 |   0.0 |       0 |      18 |   0.0 |   756
           D:4 |       0 |     282 |   0.0 |       0 |      17 |   0.0 |   890
           D:5 |       0 |     366 |   0.0 |       0 |       7 |   0.0 |   604
               +---------+---------+-------+---------+---------+-------+---------
